 Dungeon Crawl Stone Soup version 0.24.0-37-gcf1ca852f1 (webtiles) character file.

Game seed: 12183585892721058221, levelgen mode: deterministic

1876592 Birungi the Conqueror (level 27, 245/245 HPs)
             Began as a Minotaur Fighter on Nov 29, 2019.
             Was a High Priest of Okawaru.
             Escaped with the Orb
             ... and 3 runes on Dec 5, 2019!
             The game lasted 07:41:57 (59867 turns).

Birungi the Conqueror (Minotaur Fighter)           Turns: 59867, Time: 07:41:58

Health: 245/245    AC: 47    Str: 46 (47) XL:     27
Magic:  35/35      EV: 33    Int:  3      God:    Okawaru [*****.]
Gold:   5382       SH: 19    Dex: 13      Spells: 26/26 levels left

rFire    + + +     SeeInvis +   W - +8 demon blade "Duteesex" {slice, rF++ MR+ SInv}
rCold    + + .     Gourm    .   c - +2 shield of Resistance {rF+ rC+ MR+}
rNeg     . . .     Faith    .   B - +17 gold dragon scales "Obasahun" {*Contam rPois rF+ rC+ MR+ Str+6 Int+2}
rPois    +         Spirit   .   G - +1 hat "Odilat" {Str+6 Dex-3}
rElec    +         Reflect  .   i - +2 cloak {+Inv}
rCorr    +         Harm     .   g - +1 pair of gloves of Beodd {Str+4 Int-2 Slay+4}
MR       +++++     Rnd*Rage +   b - +2 pair of boots "Liclynum" {rElec rCorr Dex+3} Stlth ..........Rnd*Tele +
                                J - amulet of the Air {Inacc +Fly rElec EV+5 RMsl}
HPRegen  0.50/turn              Y - ring of see invisible
MPRegen  0.24/turn              I - ring of Phasing {EV+8}

@: repel missiles
A: retaliatory headbutt, horns 2, berserk 1, deformed body, deterioration 1,
dopey 1, frail 1, mutation resistance 1, sense surroundings 1, screaming 1,
teleportitis 1, subdued magic 1
0: Orb of Zot
}: 3/15 runes: serpentine, barnacled, abyssal
a: Heroism, Finesse, Renounce Religion, Evoke Invisibility, Evoke Flight


You escaped.
You worshipped Okawaru.
Okawaru was extremely pleased with you.
You were not hungry.

You visited 10 branches of the dungeon, and saw 49 of its levels.
You visited the Abyss 1 time.
You also visited: Ice Cave.

You collected 7403 gold pieces.
You spent 2021 gold pieces at shops.

Inventory:

Hand Weapons
 d - the +8 autumn katana {slice, Clar}
   (You found it on level 4 of the Dungeon)

   It inflicts extra damage upon your enemies.
   It protects you against confusion.
 n - the +7 scimitar of the Valley {vamp, *Noise *Drain rF+ Str+8}
   (You bought it in a shop on level 2 of the Orcish Mines)

   It inflicts no extra harm, but heals its wielder when it wounds a living foe.
   It affects your strength (+8).
   It protects you from fire.
   It may make noises in combat.
   It causes draining when unequipped.
 P - the +7 long sword of Equivalence {flame, rN+ Int-3 Dex+3}
   (You found it on level 3 of the Shoals)

   It has been specially enchanted to burn those struck by it, causing extra
   injury to most foes and up to half again as much damage against particularly
   susceptible opponents.
   Big, fiery blades are also staple armaments of hydra-hunters.
   It affects your intelligence (-3).
   It affects your dexterity (+3).
   It protects you from negative energy.
 W - the +8 demon blade "Duteesex" (weapon) {slice, rF++ MR+ SInv}
   (Okawaru gifted it to you on level 5 of the Depths)

   It inflicts extra damage upon your enemies.
   It greatly protects you from fire.
   It affects your resistance to hostile enchantments.
   It lets you see invisible.
Missiles
 m - 11 throwing nets
 E - 12 silver javelins (quivered)
 R - 8 javelins
Armour
 b - the +2 pair of boots "Liclynum" (worn) {rElec rCorr Dex+3}
   (Okawaru gifted it to you on level 3 of the Depths)

   It affects your dexterity (+3).
   It insulates you from electricity.
   It provides partial protection from all sources of acid and corrosion.
 c - the +2 shield of Resistance (worn) {rF+ rC+ MR+}
   (You found it on level 1 of the Elven Halls)

   It protects you from fire.
   It protects you from cold.
   It affects your resistance to hostile enchantments.
 g - the +1 pair of gloves of Beodd (worn) {Str+4 Int-2 Slay+4}
   (You acquired it on level 2 of the Elven Halls)

   It affects your strength (+4).
   It affects your intelligence (-2).
   It affects your accuracy and damage with ranged weapons and melee attacks
   (+4).
 i - a +2 cloak of invisibility (worn)
 j - the +1 cloak of Starlight {rElec rC+ EV+4 Stlth--}
   (You acquired it on level 4 of the Realm of Zot)

   It affects your evasion (+4).
   It protects you from cold.
   It insulates you from electricity.
   It makes you much less stealthy.
 B - the +17 gold dragon scales "Obasahun" (worn) {*Contam rPois rF+ rC+ MR+ Str+6 Int+2}
   (Okawaru gifted it to you on level 11 of the Dungeon)

   It affects your strength (+6).
   It affects your intelligence (+2).
   It protects you from fire.
   It protects you from cold.
   It protects you from poison.
   It affects your resistance to hostile enchantments.
   It causes magical contamination when unequipped.
 G - the +1 hat "Odilat" (worn) {Str+6 Dex-3}
   (Okawaru gifted it to you on level 13 of the Dungeon)

   It affects your strength (+6).
   It affects your dexterity (-3).
 O - a scarf of spirit shield
Jewellery
 D - a ring of the Octopus King {rN+ AC+1 EV+1 Str+1 Int+1 Dex+1}
   (You bought it in a shop on level 2 of the Orcish Mines)

   [ring of positive energy]

   It affects your AC (+1).
   It affects your evasion (+1).
   It affects your strength (+1).
   It affects your intelligence (+1).
   It affects your dexterity (+1).
   It protects you from negative energy.
 I - the ring of Phasing (right hand) {EV+8}
   (You found it on level 4 of the Realm of Zot)

   [ring of evasion]

   It affects your evasion (+8).
 J - the amulet of the Air (around neck) {Inacc +Fly rElec EV+5 RMsl}
   (You found it on level 4 of the Lair of Beasts)

   [amulet of inaccuracy]

   It reduces the accuracy of all your attacks.
   It affects your evasion (+5).
   It insulates you from electricity.
   It lets you fly.
   It protects you from missiles.
 U - an uncursed amulet of regeneration
 Y - a ring of see invisible (left hand)
Wands
 a - a wand of digging (13)
 k - a wand of flame (67)
 u - a wand of polymorph (30)
 H - a wand of paralysis (18)
 K - a wand of disintegration (41)
 N - a wand of iceblast (50)
 X - a wand of enslavement (34)
Scrolls
 e - 3 scrolls of magic mapping
 h - 3 scrolls of blinking
 l - 13 scrolls of teleportation
 q - a scroll of holy word
 t - a scroll of silence
 v - 9 scrolls of fear
 w - 5 scrolls of enchant armour
 x - 6 scrolls of remove curse
 y - a scroll of amnesia
 Q - 8 scrolls of identify
Potions
 o - 5 potions of flight
 p - 7 potions of haste
 r - 6 potions of magic
 s - 2 potions of invisibility
 z - 6 potions of agility
 A - 2 potions of berserk rage
 F - a potion of brilliance
 L - 3 potions of resistance
 M - 7 potions of curing
 S - 3 potions of might
 T - a potion of cancellation
 V - 5 potions of ambrosia
Miscellaneous
 Z - a box of beasts
Comestibles
 f - 47 rations


   Skills:
 O Level 27 Fighting
 - Level 16.7 Long Blades
   Level 4.3 Axes
 + Level 19.2 Throwing
 - Level 22.5 Armour
 + Level 20.4 Dodging
 - Level 16.9 Shields
 - Level 15.5 Invocations
 + Level 19.2 Evocations


You had 26 spell levels left.
You didn't know any spells.
Your spell library contained the following spells:

 Spells                   Type           Power        Failure   Level  Hunger
 Animate Skeleton         Necr           N/A          92%         1    ##.....
 Freeze                   Ice            #...         92%         1    ##.....
 Magic Dart               Conj           #...         92%         1    ##.....
 Pain                     Necr           #...         92%         1    ##.....
 Shock                    Conj/Air       #...         92%         1    ##.....
 Summon Small Mammal      Summ           #...         92%         1    ##.....
 Call Imp                 Summ           #.......     98%         2    ###....
 Poisonous Vapours        Pois/Air       #.....       98%         2    ###....
 Searing Ray              Conj           #.....       98%         2    ###....
 Sticks to Snakes         Tmut           #.......     98%         2    ###....
 Sublimation of Blood     Necr           #.........   98%         2    ###....
 Swiftness                Chrm/Air       #.......     98%         2    ###....
 Throw Frost              Conj/Ice       #.....       98%         2    ###....
 Call Canine Familiar     Summ           #.......     100%        3    ####...
 Conjure Flame            Conj/Fire      #.......     100%        3    ####...
 Dazzling Spray           Conj/Hex       #.....       100%        3    ####...
 Gell's Gravitas          Tloc           #.........   100%        3    ####...
 Mephitic Cloud           Conj/Pois/Air  #.......     100%        3    ####...
 Ozocubu's Armour         Chrm/Ice       #.......     100%        3    ####...
 Portal Projectile        Hex/Tloc       #.....       100%        3    ####...
 Recall                   Summ/Tloc      N/A          100%        3    ####...
 Regeneration             Chrm/Necr      #.........   100%        3    ####...
 Spider Form              Tmut/Pois      #.........   100%        3    ####...
 Static Discharge         Conj/Air       #.......     100%        3    ####...
 Summon Guardian Golem    Hex/Summ       #.......     100%        3    ####...
 Vampiric Draining        Necr           #.........   100%        3    ####...
 Airstrike                Air            #.........   100%        4    #####..
 Animate Dead             Necr           N/A          100%        4    #####..
 Cause Fear               Hex            #.........   100%        4    #####..
 Force Lance              Conj/Tloc      #.......     100%        4    #####..
 Fulminant Prism          Conj/Hex       #.........   100%        4    #####..
 Ice Form                 Ice/Tmut       #.......     100%        4    #####..
 Iskenderun's Mystic Bla  Conj           #.......     100%        4    #####..
 Summon Ice Beast         Ice/Summ       #.......     100%        4    #####..
 Summon Lightning Spire   Summ/Air       #.......     100%        4    #####..
 Throw Icicle             Conj/Ice       #.......     100%        4    #####..
 Agony                    Necr           #.......     100%        5    ######.
 Aura of Abjuration       Summ           #.........   100%        5    ######.
 Bolt of Magma            Conj/Fire/Erth #.........   100%        5    ######.
 Borgnjor's Vile Clutch   Necr/Erth      #.........   100%        5    ######.
 Dispel Undead            Necr           #.......     100%        5    ######.
 Iskenderun's Battlesphe  Conj/Chrm      #.......     100%        5    ######.
 Lightning Bolt           Conj/Air       #.........   100%        5    ######.
 Metabolic Englaciation   Hex/Ice        #.........   100%        5    ######.
 Silence                  Hex/Air        #.........   100%        5    ######.
 Summon Demon             Summ           #.........   100%        5    ######.
 Summon Forest            Summ/Tloc      #.........   100%        5    ######.
 Summon Mana Viper        Hex/Summ       #.......     100%        5    ######.
 Venom Bolt               Conj/Pois      #.........   100%        5    ######.
 Yara's Violent Unravell  Hex/Tmut       #.........   100%        5    ######.
 Death Channel            Necr           #.........   100%        6    #######
 Deflect Missiles         Chrm/Air       #.........   100%        6    #######
 Dispersal                Tloc           #.........   100%        6    #######
 Freezing Cloud           Conj/Ice/Air   #.........   100%        6    #######
 Iron Shot                Conj/Erth      #.........   100%        6    #######
 Poison Arrow             Conj/Pois      #.........   100%        6    #######
 Shadow Creatures         Summ           N/A          100%        6    #######
 Simulacrum               Ice/Necr       #.........   100%        6    #######
 Orb of Destruction       Conj           #.........   100%        7    #######
 Ring of Flames           Chrm/Fire      #.........   100%        7    #######
 Spellforged Servitor     Conj/Summ      #.........   100%        7    #######
 Chain Lightning          Conj/Air       #.........   100%        8    #######
 Controlled Blink         Tloc           N/A          100%        8    #######
 Discord                  Hex            #.........   100%        8    #######
 Disjunction              Tloc           #.........   100%        8    #######
 Lehudib's Crystal Spear  Conj/Erth      #.........   100%        8    #######
 Fire Storm               Conj/Fire      #.........   100%        9    #######
 Glaciate                 Conj/Ice       #.........   100%        9    #######


Dungeon Overview and Level Annotations

Branches:
Dungeon (15/15)            Temple (1/1) D:4            Lair (6/6) D:8
 Shoals (4/4) Lair:4        Snake (4/4) Lair:3        Slime (0/5) Lair:5
    Orc (2/2) D:9             Elf (3/3) Orc:2        Vaults (4/5) D:13
  Crypt (0/3) Vaults:3     Depths (5/5) D:15            Zot (5/5) Depths:5
  IceCv (visited)

Altars:
Ashenzari
Cheibriados
Dithmenos
Elyvilon
Fedhas
Gozag
Hepliaklqana
Kikubaaqudgha
Makhleb
Nemelex Xobeh
Okawaru
Qazlal
Ru
Sif Muna
Trog
Uskayaw
Vehumet
Wu Jian
Xom
Yredelemnul
Zin
The Shining One
Beogh

Shops:
D:8 }   D:12 }   Orc:2 *([*=   Elf:1 !   Elf:2 *   Elf:3 }   Shoals:2 (
Vaults:3 !   Depths:3 [   Depths:5 :[

Portals:
Hell: Depths:1 Depths:2 Depths:3 Depths:4 Depths:5
Abyss: Depths:2 Depths:4
Pandemonium: Depths:3
Ziggurat: Depths:3
Trove: D:12 (give +2 shadow dragon scales)

Annotations:
D:13 1 runed translucent door
Snake:2 Roxanne


Innate Abilities, Weirdness & Mutations

You reflexively headbutt those who attack you in melee.
You have a pair of horns on your head.
You tend to lose your temper in combat.
Armour fits poorly on your strangely shaped body.
Your body sometimes deteriorates upon taking damage.
You are dopey. (Int -2)
You are frail. (-10% HP)
You are somewhat resistant to further mutation.
You passively map a small area around you.
You occasionally shout uncontrollably at your foes.
You are occasionally teleported next to monsters.
Your spells are a little easier to cast, but a little less powerful.


Message History

You block the shadow demon's attack. You block the shadow demon's attack.
You block the shadow demon's attack.
There is a stone staircase leading up here.
The shadow demon gestures.
You climb upwards.
The hellwing disappears in a puff of smoke!
There is a stone staircase leading down here.
You chop the shadow demon into pieces!!!
You headbutt the shadow demon!
You kill the shadow demon!
Okawaru accepts your kill.
No target in view!
You open the door.
There is an open door here.
You see here a +0 club.
There is an open door here.
There is a staircase leading out of the dungeon here.
There is a staircase leading out of the dungeon here.
You have escaped!

####+###..#....)...# #...)...#
.)....##..######'######.......#
......##..##.........##.......#
.....(##..##.........##.#######
......##..#8.........8#.#
......###รท#...........#.#
......# #.#8.........8#.#
......# #.##.........##.#
####### #.#####8@8#####.#
#.#############.#
#.......##......#
#######..#.###### ##.#.# #...#
##..# #..# #..#


There were no monsters in sight!

Vanquished Creatures
  4 ancient liches
  7 orbs of fire
  Mennas (Depths:3)
  4 juggernauts
  6 Killer Klowns (Zot:5)
  Margery (Vaults:3)
  Bai Suzhen (Shoals:3)
  10 caustic shrikes
  13 golden dragons
  2 curse toes
  the Enchantress (Depths:5)
  5 bone dragons (Abyss:4)
  A Brimstone Fiend (Zot:4)
  2 electric golems
  16 tentacled monstrosities
  25 Orb Guardians (Zot:5)
  2 deep elf blademasters
  6 liches
  3 deep elf master archers (Elf:3)
  10 death cobs
  Gastronok (D:8)
  12 quicksilver dragons
  An Executioner (Abyss:4)
  5 sphinxes
  8 tentacled starspawn
  A tengu reaver (Depths:4)
  10 shadow dragons
  12 storm dragons
  5 draconian monks
  The ghost of finalsalamander the Severer, an adept HOMo of Beogh (Shoals:3)
  6 nagarajas
  10 fire giants
  11 frost giants
  An iron dragon (Depths:2)
  13 deep elf sorcerers
  10 vault wardens
  9 draconian scorchers
  A cacodemon (Abyss:4)
  10 draconian knights
  A balrug (Abyss:4)
  3 ghost moths (Zot:3)
  6 draconian shifters
  2 orc warlords (Orc:2)
  2 angels
  3 deep elf elementalists
  8 ironheart preservers
  4 spriggan defenders
  9 draconian stormcallers
  7 draconian annihilators
  31 very ugly things
  4 vampire knights
  25 stone giants
  An ophan (Abyss:2)
  4 deep elf demonologists
  A lorocyproca (Abyss:4)
  A minotaur (Lair:1)
  3 dire elephants (Lair:6)
  12 red draconians
  9 purple draconians
  16 green draconians
  19 white draconians
  11 yellow draconians
  Snorg (Lair:6)
  14 black draconians
  9 deep elf annihilators
  5 spark wasps
  19 fire dragons
  A merfolk javelineer (Shoals:4)
  3 blizzard demons
  21 ettins
  9 deep elf death magi
  9 deep elf high priests
  2 jiangshi (Depths:5)
  14 great orbs of eyes
  5 merfolk impalers
  Fannar (Orc:1)
  18 yaktaur captains
  9 ogre magi
  13 ice dragons
  7 rakshasas
  12 vault guards
  Harold (Orc:1)
  6 hydras
  9 anacondas
  A catoblepas (D:11)
  2 hell beasts
  17 naga warriors
  2 merfolk aquamancers (Shoals:4)
  A ghost crab (Abyss:4)
  A shambling mangrove (Abyss:4)
  2 alligator snapping turtles
  Erica (Orc:1)
  3 spriggan air magi
  12 centaur warriors
  A satyr (Shoals:4)
  13 two-headed ogres
  The ghost of Curus the Cleaver, a novice MiBe of Trog (Lair:1)
  5 tengu warriors
  23 dancing weapons
  5 deep troll shamans
  2 merfolk avatars
  3 hell hogs (Abyss:4)
  3 vampire magi
  A storm dragon zombie (Depths:1)
  14 deep troll earth magi
  4 orc high priests
  4 shock serpents
  Nergalle (Orc:1)
  8 thrashing horrors
  A soul eater (Depths:5)
  11 naga sharpshooters (Snake:4)
  7 spriggan berserkers
  Sonja (Lair:6)
  17 large abominations
  4 sun demons
  22 deep elf knights
  2 shadow wraiths (Abyss:4)
  A salamander mystic (Snake:3)
  12 hell knights
  4 wretched stars
  3 iron trolls (Depths:1)
  A fire crab (Abyss:4)
  A fire crab (shapeshifter) (Vaults:3)
  A sixfirhy (Depths:1)
  5 skeletal warriors (Vaults:2)
  2 unseen horrors
  A shadow demon (D:1)
  10 sea snakes
  6 flayed ghosts
  20 deep trolls
  10 naga ritualists
  9 glowing orange brains
  6 wizards
  An anaconda skeleton (Abyss:2)
  3 golden dragon skeletons
  8 phantasmal warriors
  14 deep elf archers
  16 orc knights
  An obsidian statue (D:13)
  23 harpies
  17 ironbrand convokers
  58 deep elf magi
  14 necromancers
  9 mana vipers
  A frost giant zombie (Depths:3)
  A shining eye (shapeshifter) (Elf:2)
  11 manticores
  35 ugly things
  5 orc sorcerers
  An oklob plant (Lair:1)
  25 moths of wrath
  12 salamanders
  2 fauns (shapeshifter)
  17 fauns
  A tengu skeleton (Vaults:1)
  9 cyclopes
  30 slime creatures
  2 wolf spiders
  2 human skeletons (Vaults:4)
  4 guardian serpents
  11 merfolk sirens
  28 black mambas
  19 elephants (Lair:6)
  8 vault sentinels
  2 fire giant skeletons (Depths:1)
  24 naga magi
  4 smoke demons
  2 stone giant skeletons
  Maurice (Orc:1)
  A moth of wrath (shapeshifter) (Depths:3)
  4 water nymphs (Shoals:4)
  2 apocalypse crabs (Abyss:4)
  4 orange demons
  3 gargoyles
  A yaktaur zombie (Vaults:4)
  A titan simulacrum (Vaults:4)
  The ghost of happy the Cutter, a novice HuWn of Zin (D:4)
  16 freezing wraiths
  2 ice devils
  3 efreet (Abyss:4)
  10 spiny frogs
  11 small abominations
  66 yaktaurs
  A demonic crawler (Abyss:4)
  A hellion (Abyss:2)
  A hellwing (Depths:5)
  A red devil (Depths:5)
  2 rime drakes
  3 ancient zymes
  4 komodo dragons
  20 merfolk
  A tormentor (Depths:1)
  11 trolls
  9 tengu conjurers
  2 trolls (shapeshifter)
  A queen bee (Depths:2)
  2 queen bees (shapeshifter)
  13 blink frogs
  6 wind drakes
  6 hornets
  A meliai zombie (D:14)
  A slime creature (shapeshifter) (Depths:1)
  11 snapping turtles
  3 dream sheep (Shoals:1)
  6 hippogriffs
  A hippogriff (shapeshifter) (Vaults:2)
  10 raiju
  2 fire dragon zombies (Depths:1)
  A vampire (D:14)
  An ettin skeleton (Depths:1)
  2 air elementals
  An elf skeleton (Depths:1)
  3 flying skulls (Abyss:4)
  A deep troll skeleton (Depths:1)
  A tarantella (shapeshifter) (Abyss:2)
  3 spriggans
  35 starcursed masses (Abyss:4)
  19 water elementals
  A ynoxinul (Abyss:4)
  6 humans (D:13)
  2 wraiths
  6 wyverns
  40 yaks
  3 fire elementals
  A chaos spawn (Abyss:4)
  Eustachio (D:6)
  3 basilisks
  A hog (shapeshifter) (Vaults:2)
  A human (shapeshifter) (Vaults:2)
  3 hungry ghosts
  2 death yak simulacra (IceCv)
  4 neqoxecs (Abyss:4)
  4 vampire mosquitoes
  A naga (shapeshifter) (Vaults:3)
  2 soldier ants
  6 wargs
  39 nagas
  2 acid dragons
  15 water moccasins
  2 soldier ants (shapeshifter) (Vaults:1)
  A floating eye (Depths:4)
  A monstrous demonspawn skeleton (Abyss:4)
  16 porcupines
  6 sky beasts
  10 ice beasts
  58 orc warriors
  An eye of draining (D:15)
  3 phantoms
  An ettin simulacrum (Depths:1)
  2 black bears (shapeshifter)
  A fire dragon simulacrum (Depths:1)
  13 wolves
  2 boggarts
  9 centaurs
  A necrophage (D:12)
  26 ogres
  12 crocodiles
  Blork the orc (D:5)
  2 elf zombies
  2 human zombies
  18 bullfrogs
  A big kobold (D:14)
  4 earth elementals
  2 gnoll sergeants
  A yaktaur skeleton (Depths:1)
  A wyvern skeleton (D:8)
  A scorpion (shapeshifter) (Vaults:4)
  19 killer bees (Depths:2)
  6 scorpions
  An elephant simulacrum (IceCv)
  5 wights (D:8)
  2 electric eels (Lair:4)
  A howler monkey (D:12)
  6 crimson imps
  2 quasits
  3 centaur zombies
  A human simulacrum (Vaults:1)
  3 draconian simulacra (IceCv)
  A yaktaur simulacrum (Vaults:1)
  7 hounds
  37 orc wizards
  4 centaur skeletons
  A gnoll shaman (D:5)
  14 jellies
  24 orc priests
  A bullfrog skeleton (D:4)
  An iron imp (Depths:3)
  Terence (D:2)
  4 iguanas
  8 worker ants
  3 troll simulacra (IceCv)
  A spriggan simulacrum (IceCv)
  A killer bee zombie (D:9)
  A centaur simulacrum (IceCv)
  A wolf simulacrum (IceCv)
  A hound skeleton (D:11)
  2 worker ant zombies
  12 gnolls
  11 adders
  An ogre simulacrum (IceCv)
  7 shadow imps
  26 white imps
  An ooze (D:4)
  An adder zombie (D:8)
  An adder skeleton (D:4)
  3 worms
  7 leopard geckos
  130 orcs
  3 giant cockroaches
  6 goblins
  9 hobgoblins
  12 jackals
  16 kobolds
  4 quokkas
  3 bats
  3 frilled lizards
  3 quokka skeletons
  A quokka zombie (D:6)
  10 rats
  A lurking horror (Abyss:2)
  5 plants
  7 starspawn tentacles
  A tentacle (Abyss:4)
2423 creatures vanquished.

Vanquished Creatures (collateral kills)
  3 Killer Klowns (Zot:5)
  An electric golem (Zot:5)
  A draconian scorcher (Zot:5)
  A black draconian (Zot:5)
  A red draconian (Zot:5)
7 creatures vanquished.

Vanquished Creatures (others)
  Frederick (Vaults:2)
  A kraken (Abyss:4)
  A draconian knight (Zot:3)
  A draconian stormcaller (Zot:4)
  A black draconian (Zot:5)
  A spark wasp (Depths:3)
  A vault guard (D:13)
  A deep elf knight (Elf:2)
  A troll (Vaults:4)
  3 blink frogs (Abyss:4)
  A deep troll zombie (Depths:1)
  An orc warrior (Vaults:4)
  An ogre (Depths:2)
  An orc priest (Orc:1)
  An orc (Orc:1)
  7 fungi
  A lurking horror (Abyss:4)
  21 plants
  17 starspawn tentacles
  3 tentacles (Abyss:4)
66 creatures vanquished.

Grand Total: 2496 creatures vanquished

Notes
Turn   | Place    | Note
-------+----------+-------------------------------------------
     0 | D:1      | Birungi the Minotaur Fighter began the quest for the Orb.
     0 | D:1      | Reached XP level 1. HP: 19/19 MP: 0/0
   122 | D:1      | Reached XP level 2. HP: 23/27 MP: 1/1
   510 | D:2      | Noticed a phantom
   513 | D:2      | Reached skill level 4 in Fighting
   530 | D:2      | Killed a phantom
   530 | D:2      | Reached XP level 3. HP: 18/33 MP: 2/2
   530 | D:2      | Reached XP level 4. HP: 22/40 MP: 3/3
   719 | D:2      | Noticed Terence
   743 | D:2      | Killed Terence
   743 | D:2      | Reached XP level 5. HP: 45/47 MP: 4/4
  1011 | D:2      | Found an ornate altar of the Wu Jian Council.
  1011 | D:2      | Found a snail-covered altar of Cheibriados.
  1279 | D:3      | Found a blossoming altar of Fedhas.
  1355 | D:3      | Found a glowing silver altar of Zin.
  1599 | D:4      | Found a white marble altar of Elyvilon.
  1628 | D:4      | Reached skill level 5 in Armour
  1628 | D:4      | Reached skill level 5 in Shields
  1642 | D:4      | Found an opulent altar of Gozag.
  1717 | D:4      | Reached XP level 6. HP: 7/55 MP: 5/5
  1901 | D:4      | Found a staircase to the Ecumenical Temple.
  1927 | Temple   | Entered the Ecumenical Temple
  2018 | Temple   | Became a worshipper of Warmaster Okawaru
  2050 | D:4      | Found a white marble altar of Elyvilon.
  2052 | D:4      | Found a glowing golden altar of the Shining One.
  2239 | D:4      | Found a stormy altar of Qazlal.
  2356 | D:4      | Found the +8 autumn katana {slice, Clar}
  2359 | D:4      | Reached skill level 5 in Fighting
  2365 | D:4      | Reached skill level 1 in Long Blades
  2466 | D:4      | Found a burning altar of Makhleb.
  2542 | D:4      | Found a runed translucent gate.
  2543 | D:4      | Found a runed translucent gate.
  2543 | D:4      | Found a runed translucent gate.
  2543 | D:4      | Found an opulent altar of Gozag.
  2546 | D:4      | Noticed happy's ghost (novice HuWn)
  2565 | D:4      | Killed happy's ghost
  2565 | D:4      | Reached * piety under Okawaru
  2565 | D:4      | Reached skill level 6 in Fighting
  2565 | D:4      | Reached XP level 7. HP: 43/64 MP: 6/6
  2961 | D:4      | Found a bloodstained altar of Trog.
  3035 | D:5      | Entered Level 5 of the Dungeon
  3142 | D:5      | Reached skill level 7 in Fighting
  3223 | D:5      | Noticed Blork the orc
  3234 | D:5      | Killed Blork the orc
  3592 | D:6      | Noticed a yak
  3593 | D:6      | Noticed a yak
  3593 | D:6      | Noticed a yak
  3596 | D:6      | Noticed a yak
  3597 | D:6      | Killed a yak
  3597 | D:6      | Reached ** piety under Okawaru
  3597 | D:6      | Reached skill level 5 in Long Blades
  3597 | D:6      | Reached XP level 8. HP: 73/73 MP: 7/7
  3608 | D:6      | Reached skill level 8 in Fighting
  3843 | D:6      | Found a sacrificial altar of Ru.
  3845 | D:6      | Reached *** piety under Okawaru
  3994 | D:6      | Reached XP level 9. HP: 82/82 MP: 8/8
  4028 | D:6      | Noticed Eustachio
  4045 | D:6      | Killed Eustachio
  5055 | D:8      | Reached skill level 9 in Fighting
  5198 | D:8      | Noticed Gastronok
  5227 | D:8      | Reached **** piety under Okawaru
  5245 | D:8      | Killed Gastronok
  5245 | D:8      | Reached ***** piety under Okawaru
  5245 | D:8      | Reached skill level 10 in Long Blades
  5245 | D:8      | Reached XP level 10. HP: 70/93 MP: 9/9
  5296 | D:8      | Found a staircase to the Lair.
  5316 | D:8      | Reached skill level 10 in Fighting
  5761 | D:8      | Found a shimmering altar of Xom.
  5762 | D:8      | Found a shimmering altar of Xom.
  5763 | D:8      | Found a shimmering altar of Xom.
  5782 | D:8      | Received a gift from Okawaru
  5915 | D:8      | Found Minlomac's Gadget Shop.
  6202 | D:8      | Found a shimmering altar of Xom.
  6260 | Lair:1   | Entered Level 1 of the Lair of Beasts
  6263 | Lair:1   | Noticed a spiny frog
  6269 | Lair:1   | Killed a spiny frog
  6299 | Lair:1   | Reached XP level 11. HP: 55/101 MP: 7/10
  6641 | Lair:1   | Noticed a minotaur
  6641 | Lair:1   | Noticed Curus's ghost (novice MiBe)
  7165 | Lair:1   | Found a runed translucent gate.
  7166 | Lair:1   | Found a runed translucent gate.
  7222 | Lair:1   | Reached skill level 1 in Dodging
  7243 | Lair:1   | Received a gift from Okawaru
  7243 | Lair:1   | Reached skill level 11 in Fighting
  7255 | Lair:1   | Reached skill level 10 in Armour
  7255 | Lair:1   | Reached skill level 10 in Shields
  7384 | Lair:1   | Noticed an oklob plant
  7536 | Lair:1   | Found a runed translucent gate.
  7800 | Lair:1   | Killed Curus's ghost
  7810 | Lair:1   | Killed a minotaur
  8325 | Lair:2   | Noticed an eight-headed hydra
  8338 | Lair:2   | Killed an eight-headed hydra
  8338 | Lair:2   | Reached skill level 12 in Fighting
  8338 | Lair:2   | Reached skill level 5 in Dodging
  8872 | Lair:3   | Found a radiant altar of Vehumet.
  8902 | Lair:3   | Found a staircase to the Snake Pit.
  8935 | Lair:3   | Noticed a five-headed hydra
  8949 | Lair:3   | Killed a five-headed hydra
  8949 | Lair:3   | Received a gift from Okawaru
  8949 | Lair:3   | Reached XP level 12. HP: 113/113 MP: 11/11
  9270 | Lair:3   | Noticed a five-headed hydra
  9283 | Lair:3   | Killed a five-headed hydra
  9704 | Snake:1  | Entered Level 1 of the Snake Pit
  9808 | Snake:1  | You fall into a shaft and drop 1 floor!
  9852 | Snake:2  | Reached ****** piety under Okawaru
  9852 | Snake:2  | Reached skill level 13 in Fighting
  9947 | Snake:2  | Noticed a naga warrior
  9956 | Snake:2  | Killed a naga warrior
  9956 | Snake:2  | Received a gift from Okawaru
  9960 | Snake:2  | Got a dazzling scimitar {god gift}
  9961 | Snake:2  | Identified the +3 scimitar of Blood {freeze, +Blink Int+2}
                  | (Okawaru gifted it to you on level 2 of the Snake Pit)
  9975 | Snake:2  | Noticed an anaconda
  9975 | Snake:2  | Noticed an anaconda
  9990 | Snake:2  | Killed an anaconda
  9996 | Snake:2  | Killed an anaconda
 10442 | Snake:2  | Noticed a naga warrior
 10450 | Snake:2  | Killed a naga warrior
 10474 | Snake:2  | Noticed a naga warrior
 10495 | Snake:2  | Received a gift from Okawaru
 10516 | Snake:2  | Killed a naga warrior
 10516 | Snake:2  | Reached skill level 14 in Fighting
 10566 | Snake:2  | Reached XP level 13. HP: 101/124 MP: 12/12
 11092 | Snake:2  | Noticed a nagaraja
 11114 | Snake:2  | Killed a nagaraja
 11148 | Snake:2  | Noticed Roxanne
 11407 | Snake:2  | Received a gift from Okawaru
 11414 | Snake:2  | Identified a +1 pair of boots of running (Okawaru gifted it
                  | to you on level 2 of the Snake Pit)
 11674 | Snake:3  | Reached skill level 15 in Fighting
 12191 | Snake:3  | Noticed a nagaraja
 12199 | Snake:3  | Killed a nagaraja
 12199 | Snake:3  | Reached XP level 14. HP: 119/135 MP: 10/13
 12221 | Snake:3  | Received a gift from Okawaru
 12783 | Snake:3  | Reached skill level 15 in Armour
 13299 | Snake:4  | Entered Level 4 of the Snake Pit
 13595 | Snake:4  | Received a gift from Okawaru
 13686 | Snake:4  | Reached skill level 10 in Dodging
 13944 | Snake:4  | Reached skill level 15 in Shields
 13994 | Snake:4  | Noticed a nagaraja
 14078 | Snake:4  | Killed a nagaraja
 14080 | Snake:4  | Noticed a nagaraja
 14572 | Snake:4  | Noticed a nagaraja
 14599 | Snake:4  | Killed a nagaraja
 14685 | Snake:4  | Identified the +6 quarterstaff "Anul" {freeze, *Contam
                  | rPois Int+5 Dex+3}
 14763 | Snake:4  | Reached XP level 15. HP: 64/141 MP: 9/14
 15115 | Snake:4  | Received a gift from Okawaru
 15131 | Snake:4  | Got a dazzling hat {god gift}
 15313 | Snake:4  | Killed a nagaraja
 15316 | Snake:4  | Noticed a nagaraja
 15415 | Snake:4  | Got a serpentine rune of Zot
 15429 | Snake:4  | Killed a nagaraja
 16186 | Lair:3   | Identified the +2 hat "Ylon" {+Inv Dex+4} (Okawaru gifted
                  | it to you on level 4 of the Snake Pit)
 16416 | Lair:4   | Found a staircase to the Shoals.
 16431 | Lair:4   | Reached skill level 1 in Evocations
 16755 | D:8      | Bought a wand of disintegration (20) for 288 gold pieces
 16912 | D:9      | Found a staircase to the Orcish Mines.
 16959 | D:9      | Found a blossoming altar of Fedhas.
 17045 | D:9      | Found a shadowy altar of Dithmenos.
 17536 | D:10     | Entered Level 10 of the Dungeon
 17542 | D:9      | Reached skill level 1 in Invocations
 18822 | D:11     | Received a gift from Okawaru
 18832 | D:11     | Got transparent gold dragon scales {god gift}
 18845 | D:11     | Identified the +17 gold dragon scales "Obasahun" {*Contam
                  | rPois rF+ rC+ MR+ Str+6 Int+2} (Okawaru gifted it to you on
                  | level 11 of the Dungeon)
 18854 | D:11     | Noticed a sphinx
 18862 | D:11     | Killed a sphinx
 18871 | D:11     | Noticed a fire giant
 19120 | Lair:4   | Found a staircase to the Shoals.
 19208 | Lair:4   | Found the amulet of the Air {Inacc +Fly rElec EV+5 RMsl}
 19744 | Lair:5   | Found a staircase to the Slime Pits.
 20200 | Lair:5   | Reached skill level 5 in Invocations
 20534 | Lair:6   | Entered Level 6 of the Lair of Beasts
 20646 | Lair:6   | Noticed Sonja
 20652 | Lair:6   | Killed Sonja
 21013 | Lair:6   | Noticed Snorg
 21023 | Lair:6   | Killed Snorg
 21057 | Lair:6   | Reached XP level 16. HP: 151/151 MP: 19/19
 21372 | Lair:6   | Received a gift from Okawaru
 21372 | Lair:6   | Reached skill level 16 in Fighting
 21558 | Lair:6   | Got a shimmering brass ring
 21565 | Lair:6   | Identified the ring "Igru" {*Tele rElec Str+3} (You found
                  | it on level 6 of the Lair of Beasts)
 21930 | Orc:1    | Entered Level 1 of the Orcish Mines
 21933 | Orc:1    | Noticed Harold
 21939 | Orc:1    | Killed Harold
 21983 | Orc:1    | Noticed Nergalle
 22001 | Orc:1    | Killed Nergalle
 22068 | Orc:1    | Found Xubry's Antique Weapon Emporium.
 22169 | Orc:1    | Noticed Maurice
 22181 | Orc:1    | Killed Maurice
 22208 | Orc:1    | Noticed Erica
 22231 | Orc:1    | Killed Erica
 22231 | Orc:1    | Reached skill level 1 in Throwing
 22289 | Orc:1    | Noticed Fannar
 22296 | Orc:1    | Killed Fannar
 22335 | Orc:1    | Found a roughly hewn altar of Beogh.
 22683 | Orc:2    | Entered Level 2 of the Orcish Mines
 23061 | Orc:2    | Found a frozen archway.
 23154 | Orc:2    | Found a staircase to the Elven Halls.
 23231 | IceCv    | Entered an ice cave
 23380 | IceCv    | Found an ancient bone altar of Kikubaaqudgha.
 23422 | IceCv    | Received a gift from Okawaru
 23726 | Orc:2    | Found Ushraubruo's Jewellery Emporium.
 23741 | Orc:2    | Bought the ring "Semir" {Wiz rC+} for 616 gold pieces
 23822 | Orc:2    | Found a roughly hewn altar of Beogh.
 23846 | Orc:2    | Found Kanimp's Assorted Antiques.
 23851 | Orc:2    | Bought a twisted scimitar for 198 gold pieces
 23851 | Orc:2    | Bought a ring of the Octopus King for 110 gold pieces
 23851 | Orc:2    | Found the ring of the Octopus King
 23851 | Orc:2    | Identified the +7 scimitar of the Valley {vamp, *Noise
                  | *Drain rF+ Str+8} (You bought it in a shop on level 2 of
                  | the Orcish Mines)
 23853 | Orc:2    | Identified a ring of the Octopus King {rN+ AC+1 EV+1 Str+1
                  | Int+1 Dex+1} (You bought it in a shop on level 2 of the
                  | Orcish Mines)
 23871 | Orc:2    | Found a roughly hewn altar of Beogh.
 23939 | Orc:2    | Found a roughly hewn altar of Beogh.
 23948 | Orc:2    | Found Rousieph's General Store.
 24252 | Orc:2    | Received a gift from Okawaru
 24276 | Orc:2    | Got a translucent hunting sling {god gift}
 24299 | Orc:2    | Found Egoi's Antique Armour Emporium.
 24300 | Orc:2    | Found a roughly hewn altar of Beogh.
 24303 | Orc:2    | Found Hurerus's Antique Weapon Shoppe.
 24310 | Orc:2    | Identified the +8 hunting sling "Soedghimu" {venom, rPois}
                  | (Okawaru gifted it to you on level 2 of the Orcish Mines)
 24315 | Orc:2    | Bought a bloodstained long sword for 204 gold pieces
 24317 | Orc:2    | Identified the +6 long sword "Susokk" {freeze, *Corrode
                  | rN++ Int+2 Dex+4} (You bought it in a shop on level 2 of
                  | the Orcish Mines)
 24338 | Orc:2    | Found a roughly hewn altar of Beogh.
 25098 | D:11     | Got a scorched wooden ring
 25106 | D:11     | Identified the ring of Myarel {rPois rF- rN+ Str+2} (You
                  | found it on level 11 of the Dungeon)
 25445 | D:12     | Reached skill level 5 in Throwing
 25488 | D:12     | Found Xesm's Gadget Boutique.
 25505 | D:12     | Found a portal to a secret trove of treasure.
 26267 | D:13     | Received a gift from Okawaru
 26281 | D:13     | Got an encrusted hat {god gift}
 26293 | D:13     | Identified the +1 hat "Odilat" {Str+6 Dex-3} (Okawaru
                  | gifted it to you on level 13 of the Dungeon)
 26313 | D:13     | Found a gate to the Vaults.
 26525 | D:13     | Found a runed translucent door.
 26530 | D:13     | Identified the +8 short sword "Undertaker" {speed, +Fly
                  | rElec rF++ MR-}
 26730 | D:13     | Found an iron altar of Okawaru.
 27376 | D:14     | Reached XP level 17. HP: 159/159 MP: 22/22
 27411 | D:14     | Reached skill level 5 in Evocations
 27542 | D:15     | Entered Level 15 of the Dungeon
 27702 | D:15     | Found a staircase to the Depths.
 28622 | Shoals:1 | Entered Level 1 of the Shoals
 28731 | Shoals:1 | Got a crude dagger
 28732 | Shoals:1 | Identified the +1 dagger "Zejiam" {freeze, MR+} (You found
                  | it on level 1 of the Shoals)
 29304 | Shoals:2 | Received a gift from Okawaru
 29305 | Shoals:2 | Found the +2 ratskin cloak {+Rats rPois rN+ Str-1 Int-1
                  | Dex+1}
 29569 | Shoals:2 | Reached skill level 15 in Long Blades
 29903 | Shoals:2 | Found Lissyit's Antique Weapon Emporium.
 30292 | Shoals:3 | Got an encrusted long sword
 30293 | Shoals:3 | Identified the +7 long sword of Equivalence {flame, rN+
                  | Int-3 Dex+3} (You found it on level 3 of the Shoals)
 30321 | Shoals:3 | Noticed Bai Suzhen
 30353 | Shoals:3 | Killed Bai Suzhen
 30554 | Shoals:3 | Found a runed translucent door.
 30576 | Shoals:3 | Noticed finalsalamander's ghost (adept HOMo)
 30591 | Shoals:3 | Killed finalsalamander's ghost
 30785 | Shoals:4 | Entered Level 4 of the Shoals
 30880 | Shoals:4 | Got a steaming brass amulet
 30882 | Shoals:4 | Identified the amulet "Qyexink" {Harm *Drain Dex+3} (You
                  | found it on level 4 of the Shoals)
 31034 | Shoals:4 | Identified a scroll of acquirement
 31363 | Shoals:4 | Received a gift from Okawaru
 31366 | Shoals:4 | Got an ichor-stained plate armour {god gift}
 31377 | Shoals:4 | Identified the +4 plate armour of Marbles {MR+ rCorr}
                  | (Okawaru gifted it to you on level 4 of the Shoals)
 31410 | Shoals:4 | Gained mutation: You are dopey. (Int -2) [mutagenic glow]
 31661 | Shoals:4 | Reached XP level 18. HP: 157/168 MP: 23/23
 32051 | Shoals:4 | Got a barnacled rune of Zot
 32601 | Vaults:1 | Entered Level 1 of the Vaults
 33077 | Vaults:1 | Received a gift from Okawaru
 33078 | Vaults:1 | Reached skill level 10 in Throwing
 33151 | Vaults:1 | Reached skill level 17 in Fighting
 34272 | Vaults:2 | Noticed Frederick
 34283 | Vaults:2 | Killed Frederick
 34541 | Vaults:2 | Received a gift from Okawaru
 34542 | Vaults:2 | Got a bloodstained flail {god gift}
 34581 | Vaults:2 | Reached XP level 19. HP: 179/179 MP: 24/24
 34627 | Vaults:2 | Identified the +2 flail of Blind Justice {drain, Stlth+}
                  | (Okawaru gifted it to you on level 2 of the Vaults)
 35094 | Vaults:2 | Reached skill level 18 in Fighting
 35473 | Vaults:3 | Received a gift from Okawaru
 35748 | Vaults:3 | Noticed Margery
 35763 | Vaults:3 | Killed Margery
 35798 | Vaults:3 | Found Rauguegg's Distillery.
 35802 | Vaults:3 | Bought a potion of heal wounds for 65 gold pieces
 35939 | Vaults:3 | Found a staircase to the Crypt.
 35939 | Vaults:3 | Found an ancient bone altar of Kikubaaqudgha.
 35940 | Vaults:3 | Found a basalt altar of Yredelemnul.
 36008 | Vaults:3 | Received a gift from Okawaru
 36066 | Vaults:3 | Received a gift from Okawaru
 36677 | Vaults:4 | Reached skill level 19 in Fighting
 36828 | Vaults:4 | Reached XP level 20. HP: 190/191 MP: 25/25
 36846 | Vaults:4 | Identified the Reference Book on Mutagenic Creation
 36943 | Vaults:4 | Received a gift from Okawaru
 37229 | Vaults:4 | Received a gift from Okawaru
 37365 | Vaults:4 | Received a gift from Okawaru
 38222 | Elf:1    | Entered Level 1 of the Elven Halls
 38258 | Elf:1    | Found the +2 shield of Resistance {rF+ rC+ MR+}
 38292 | Elf:1    | Received a gift from Okawaru
 38293 | Elf:1    | Got a transparent scimitar {god gift}
 38294 | Elf:1    | Identified the +1 scimitar of Forgiveness {venom, rF+ rC+
                  | MR+} (Okawaru gifted it to you on level 1 of the Elven
                  | Halls)
 38481 | Elf:1    | Found a radiant altar of Vehumet.
 38502 | Elf:1    | Found Xucvapn's Distillery.
 38506 | Elf:1    | Reached skill level 20 in Fighting
 38512 | Elf:1    | Bought a potion of haste for 180 gold pieces
 38512 | Elf:1    | Bought a potion of heal wounds for 90 gold pieces
 38512 | Elf:1    | Bought a potion of heal wounds for 90 gold pieces
 38512 | Elf:1    | Bought a potion of haste for 180 gold pieces
 39024 | Elf:1    | Identified the Collected Works on Sinister Secrets
 39398 | Elf:1    | Received a gift from Okawaru
 39538 | Elf:2    | Got a pair of faintly glowing gloves
 39549 | Elf:2    | Identified the +1 pair of gloves of Beodd {Str+4 Int-2
                  | Slay+4} (You acquired it on level 2 of the Elven Halls)
 39762 | Elf:2    | Received a gift from Okawaru
 39801 | Elf:2    | Got a translucent lajatang {god gift}
 39803 | Elf:2    | Identified the +3 lajatang of the Dark Horse {venom, +Inv}
                  | (Okawaru gifted it to you on level 2 of the Elven Halls)
 39981 | Elf:2    | Found a runed translucent gate.
 39982 | Elf:2    | Found a runed translucent gate.
 39985 | Elf:2    | Found a runed translucent gate.
 40014 | Elf:2    | Found Tiaharghe's General Store.
 40399 | Elf:2    | Reached skill level 21 in Fighting
 40516 | Elf:2    | Received a gift from Okawaru
 40761 | Elf:2    | Reached XP level 21. HP: 203/204 MP: 26/26
 41054 | Elf:3    | Entered Level 3 of the Elven Halls
 41054 | Elf:3    | Found Arghul's Gadget Shoppe.
 41487 | Elf:3    | Received a gift from Okawaru
 41493 | Elf:3    | Reached skill level 22 in Fighting
 42005 | Elf:3    | Received a gift from Okawaru
 42251 | Elf:3    | Identified the +9 quarterstaff of Wafuogh {venom, rC+ MR-
                  | Str+2 Dex+4}
 42251 | Elf:3    | Identified the ring of the Tormentor {rPois MR- Int+4
                  | Stlth+}
 42339 | Elf:3    | Identified the Handbook of the Glacier
 42487 | Elf:3    | Identified the +2 scale mail of the Nine Ships {rF+++ rC-
                  | Str+3} (You found it on level 3 of the Elven Halls)
 43203 | Depths:1 | Entered Level 1 of the Depths
 43328 | D:15     | Received a gift from Okawaru
 43512 | Depths:1 | Cast into level 2 of the Abyss (hell knight)
 43597 | Abyss:2  | Reached skill level 23 in Fighting
 44204 | Abyss:4  | Found a corrupted altar of Lugonu.
 44338 | Abyss:4  | Found a corrupted altar of Lugonu.
 44440 | Abyss:4  | Found a corrupted altar of Lugonu.
 44542 | Abyss:4  | Found a corrupted altar of Lugonu.
 44561 | Abyss:4  | Reached XP level 22. HP: 190/220 MP: 27/27
 44570 | Abyss:4  | Paralysed by accursed screaming for 1 turns
 44598 | Abyss:4  | Found a corrupted altar of Lugonu.
 44875 | Abyss:4  | Received a gift from Okawaru
 44876 | Abyss:4  | Got a pair of faintly glowing gloves {god gift}
 44891 | Abyss:4  | Identified the -4 pair of gloves of Wonder {rElec Dex+4}
                  | (Okawaru gifted it to you on level 4 of the Abyss)
 44945 | Abyss:4  | Paralysed by accursed screaming for 1 turns
 44952 | Abyss:4  | Paralysed by accursed screaming for 1 turns
 44958 | Abyss:4  | Paralysed by accursed screaming for 1 turns
 45100 | Abyss:4  | Reached skill level 24 in Fighting
 45232 | Abyss:4  | Paralysed by accursed screaming for 1 turns
 45252 | Abyss:4  | Gained mutation: Your body sometimes deteriorates upon
                  | taking damage. [a neqoxec]
 45313 | Abyss:4  | Got an abyssal rune of Zot
 45427 | Abyss:4  | Paralysed by accursed screaming for 2 turns
 45430 | Abyss:4  | Paralysed by accursed screaming for 2 turns
 45443 | Abyss:4  | Paralysed by accursed screaming for 2 turns
 45451 | Abyss:4  | Paralysed by accursed screaming for 2 turns
 45460 | Abyss:4  | Paralysed by accursed screaming for 2 turns
 45942 | Depths:1 | Escaped the Abyss
 46157 | Depths:1 | Found a gateway to Hell.
 46316 | Depths:1 | Reached skill level 25 in Fighting
 46386 | Depths:1 | Received a gift from Okawaru
 46758 | Depths:1 | Found a runed translucent door.
 46762 | Depths:1 | Found a radiant altar of Vehumet.
 46762 | Depths:1 | Noticed an ancient lich
 46784 | Depths:1 | Killed an ancient lich
 46788 | Depths:1 | Reached XP level 23. HP: 225/235 MP: 25/28
 46791 | Depths:1 | Received a gift from Okawaru
 46797 | Depths:1 | Identified the Almanac of Confrontation
 47497 | Depths:2 | Noticed a caustic shrike
 47508 | Depths:2 | Killed a caustic shrike
 47514 | Depths:2 | Received a gift from Okawaru
 47838 | Depths:2 | Reached skill level 26 in Fighting
 47889 | Depths:2 | Found a runed translucent door.
 48219 | Depths:2 | Identified the amulet of Miojop {Reflect rPois Int+2 SH+2
                  | Stlth+}
 48283 | Depths:2 | Noticed a juggernaut
 48294 | Depths:2 | Killed a juggernaut
 48303 | Depths:2 | Noticed a juggernaut
 48327 | Depths:2 | Noticed a caustic shrike
 48368 | Depths:2 | Killed a caustic shrike
 48380 | Depths:2 | Killed a juggernaut
 48406 | Depths:2 | Received a gift from Okawaru
 48874 | Depths:2 | Found a one-way gate to the infinite horrors of the Abyss.
 48876 | Depths:2 | Noticed a juggernaut
 48951 | Depths:2 | Received a gift from Okawaru
 48959 | Depths:2 | Reached skill level 10 in Invocations
 48971 | Depths:2 | Identified the +0 hat of Exclusion {rC+ Int-5 Dex+4}
                  | (Okawaru gifted it to you on level 2 of the Depths)
 49017 | Depths:2 | Killed a juggernaut
 49017 | Depths:2 | Reached skill level 10 in Evocations
 49259 | Depths:3 | Found a one-way gate leading to the halls of Pandemonium.
 49277 | Depths:3 | Noticed Mennas
 49335 | Depths:3 | Killed Mennas
 49385 | Depths:3 | Found a gateway to a ziggurat.
 49434 | Depths:3 | Reached XP level 24. HP: 229/247 MP: 30/30
 49756 | Depths:3 | Received a gift from Okawaru
 49778 | Depths:3 | Reached skill level 27 in Fighting
 49898 | Depths:3 | Noticed a juggernaut
 49923 | Depths:3 | Killed a juggernaut
 49948 | Depths:3 | Received a gift from Okawaru
 49970 | Depths:3 | Got a pair of faintly humming boots {god gift}
 49981 | Depths:3 | Identified the +2 pair of boots "Liclynum" {rElec rCorr
                  | Dex+3} (Okawaru gifted it to you on level 3 of the Depths)
 50422 | Depths:3 | Found Fyrorog's Antique Armour Shop.
 50983 | Depths:4 | Found the +9 scales of the Dragon King {rPois rF+ rC+ MR+}
 51005 | Depths:4 | Paralysed by a floating eye for 2 turns
 51019 | Depths:4 | Paralysed by a floating eye for 2 turns
 51561 | Depths:4 | Found a sparkling altar of Nemelex Xobeh.
 51634 | Depths:5 | Entered Level 5 of the Depths
 51926 | Depths:5 | Received a gift from Okawaru
 51950 | Depths:5 | Found a gate to the Realm of Zot.
 51989 | Depths:5 | Reached XP level 25. HP: 221/257 MP: 32/32
 52012 | Depths:5 | Received a gift from Okawaru
 52267 | Depths:5 | Received a gift from Okawaru
 52296 | Depths:5 | Received a gift from Okawaru
 52304 | Depths:5 | Identified the +8 demon blade "Duteesex" {slice, rF++ MR+
                  | SInv} (Okawaru gifted it to you on level 5 of the Depths)
 52330 | Depths:5 | Found Cykhaz's Armour Emporium.
 52330 | Depths:5 | Found Suoqar's Book Shoppe.
 52343 | Depths:5 | Reached skill level 15 in Invocations
 52381 | Depths:5 | Noticed the Enchantress
 52420 | Depths:5 | Killed the Enchantress
 52841 | Zot:1    | Entered Level 1 of the Realm of Zot
 52842 | Zot:1    | Noticed an orb of fire
 52843 | Zot:1    | Gained mutation: You are frail. (-10% HP) [an orb of fire]
 52847 | Zot:1    | Gained mutation: You passively map a small area around you.
                  | [an orb of fire]
 52853 | Zot:1    | Gained mutation: Your spells are a little easier to cast,
                  | but a little less powerful. [an orb of fire]
 52855 | Zot:1    | Gained mutation: You are somewhat resistant to further
                  | mutation. [an orb of fire]
 52856 | Zot:1    | Killed an orb of fire
 52884 | Zot:1    | Received a gift from Okawaru
 52884 | Zot:1    | Reached skill level 15 in Evocations
 53432 | Zot:1    | Reached skill level 15 in Dodging
 53757 | Zot:2    | Received a gift from Okawaru
 53840 | Zot:2    | Received a gift from Okawaru
 53874 | Zot:2    | Reached XP level 26. HP: 213/239 MP: 25/33
 54016 | Zot:2    | Received a gift from Okawaru
 54284 | Zot:2    | Reached skill level 15 in Throwing
 54376 | Zot:2    | Gained mutation: You do not regenerate when monsters are
                  | visible. [mutagenic glow]
 54675 | Zot:2    | Received a gift from Okawaru
 54980 | Zot:3    | Noticed an orb of fire
 54985 | Zot:3    | Gained mutation: You tend to lose your temper in combat.
                  | [an orb of fire]
 55000 | Zot:3    | Killed an orb of fire
 55000 | Zot:3    | Received a gift from Okawaru
 55343 | Zot:3    | Received a gift from Okawaru
 55481 | Zot:3    | Gained mutation: You are occasionally teleported next to
                  | monsters. [mutagenic glow]
 56374 | Zot:4    | Gained mutation: You occasionally shout uncontrollably at
                  | your foes. [mutagenic glow]
 56396 | Zot:4    | Received a gift from Okawaru
 56396 | Zot:4    | Reached XP level 27. HP: 203/244 MP: 31/34
 56453 | Zot:4    | Found the ring of Phasing {EV+8}
 56466 | Zot:4    | Found the +1 cloak of Starlight {rElec rC+ EV+4 Stlth--}
 57069 | Zot:5    | Entered Level 5 of the Realm of Zot
 57249 | Zot:5    | Noticed an ancient lich
 57260 | Zot:5    | Killed an ancient lich
 57284 | Zot:5    | Noticed an orb of fire
 57286 | Zot:5    | Noticed an orb of fire
 57294 | Zot:5    | Killed an orb of fire
 57303 | Zot:5    | Killed an orb of fire
 57303 | Zot:5    | Received a gift from Okawaru
 57319 | Zot:5    | Noticed an ancient lich
 57339 | Zot:5    | Killed an ancient lich
 57493 | Zot:5    | Noticed an orb of fire
 57503 | Zot:5    | Gained mutation: Armour fits poorly on your strangely
                  | shaped body. [an orb of fire]
 57507 | Zot:5    | Lost mutation: You do not regenerate when monsters are
                  | visible. [an orb of fire]
 57516 | Zot:5    | Killed an orb of fire
 57616 | Zot:5    | Received a gift from Okawaru
 57644 | Zot:5    | Received a gift from Okawaru
 57658 | Zot:5    | Received a gift from Okawaru
 57669 | Zot:5    | Identified the -4 cloak of Qyupn {rC+ rN+++ MR-} (Okawaru
                  | gifted it to you on level 5 of the Realm of Zot)
 58110 | Zot:5    | Noticed an ancient lich
 58122 | Zot:5    | Killed an ancient lich
 58214 | Zot:5    | Noticed an orb of fire
 58227 | Zot:5    | Killed an orb of fire
 58246 | Zot:5    | Noticed an orb of fire
 58248 | Zot:5    | Killed an orb of fire
 58723 | Zot:5    | Got the Orb of Zot
 59096 | Depths:1 | HP: 8/245 [Hell Sentinel/damnation (41)]
 59768 | D:3      | Found a hazy altar of Hepliaklqana.
 59867 | D:$      | Escaped with the Orb!

Levels and vault maps discovered:
D:1:      mrwooster_arrival_statue_3, layout_basic, corner_web_ring,
          minmay_misc_feat_roman
D:2:      layout_rooms, gammafunk_temple_overflow_pools, first_ration,
          minmay_tromino_i4, uniq_terence
D:3:      layout_rooms, fedhas_altar_2, overflow_temple_1_default,
          nicolae_overflow_hidden_temple
D:4:      layout_basic, kennysheep_mini_moat, lemuel_doored_altar,
          grunt_qazlal_clouds, makhleb_blood_cavern_becter,
          chequers_temple_overflow_statue_of_worship,
          minmay_temple_entry_junction, ebering_ghost_gozag, corexii_shack,
          minmay_misc_feat_encased, elyvilon_altar_1
D:5:      layout_cave_pools, uniq_blork_the_orc
D:6:      layout_basic, lemuel_crystal_altar, uniq_eustachio
D:7:      layout_rooms
D:8:      layout_cave_pods, minmay_lair_entry_grove, serial_shops,
          kennysheep_mini, the_bakery, xom_shifter_show, uniq_gastronok
D:9:      layout_loops_ring, old_standard_altar, david_orc_4, basic_altar,
          eino_small_chamber_without_monster
D:10:     layout_basic
D:11:     minmay_sliced_demisemicircle, layout_basic
D:12:     layout_long_grid, serial_shops, shop, nicolae_trove_entry_diagonal
D:13:     layout_roguey, ximxim_vaults_locker_room, basic_altar, minivault_15,
          minmay_st_funbox, minmay_misc_feat_alley
D:14:     layout_roguey
D:15:     grunt_enter_depths_snipers, layout_basic, minmay_crystal_room,
          nrook_mini_backslash
Temple:   dpeg_three_leaves_temple
Lair:1:   dpeg_oklob_gauntlet, layout_small_grid, maelrawn_ghost_gauntlet_escape
Lair:2:   layout_long_grid
Lair:3:   layout_roguey, dummy_snake_entry, basic_altar, grunt_megastairs_3
Lair:4:   layout_gridlike, elwin_shoals_entry_stream, serial_bayou_lake_a
Lair:5:   layout_regular_city, minmay_slime_entry_jelly_boxes
Lair:6:   due_jungle_book, layout_regular_city, st_stairs_10, uniq_snorg,
          uniq_sonja
Shoals:1: layout_shoals
Shoals:2: layout_shoals, serial_shops, shop
Shoals:3: layout_shoals, gammafunk_ghost_grave, uniq_bai_suzhen
Shoals:4: shoals_end_grunt_ice, layout_shoals
Snake:1:  layout_chambers, gammafunk_ghost_arena
Snake:2:  layout_concentric_octagons, uniq_roxanne
Snake:3:  layout_chambers, special_room
Snake:4:  snake_pit, layout_cave_town, serial_bayou_shore_b
Orc:1:    layout_caves, serial_shops, shop_statue, minmay_orc_temple_b,
          uniq_maurice, uniq_erica, uniq_nergalle, uniq_fannar, uniq_harold
Orc:2:    grunt_orc_community_town_hall, layout_caves,
          grunt_orc_community_big_house_2, grunt_orc_community_big_house_2,
          grunt_orc_community_house_3, grunt_orc_community_house_2,
          grunt_orc_community_house_1, grunt_orc_community_house_2,
          grunt_orc_community_house_1, grunt_orc_community_house_1,
          serial_shops, shop_coins, portal_ice_cave_entry_imps
Elf:1:    eino_elf_arrival_altar, layout_onion_city, serial_shops,
          shop_fountains, minmay_elf_necromancy, grunt_ministairs_5,
          palyth_stone_intersect
Elf:2:    layout_geoelf_octagon, serial_shops, nicolae_shop_trees, minivault_25
Elf:3:    minmay_elf_hall_quartered_circle, layout_loops_corners, serial_shops,
          shop, kennysheep_underground_church
Vaults:1: vaults_mumra_chevron_long, vaults_room_ringed_pool,
          hangedman_vaults_nodes, nicolae_vaults_three_branches,
          hangedman_vaults_trim, ontoclasm_vaults_ligature, v_misc_26,
          ontoclasm_vaults_ring_large, hangedman_vaults_capsules,
          v_alt_pattern_3, v_pattern_3, layout_vaults_big_room
Vaults:2: vaults_room_octagon, vaults_standard_mumra_enter_the_diamond,
          nicolae_vaults_puzzle_piece, v_rooms_5, vaults_room_door_ring,
          vaults_room_large_hall, hangedman_vaults_restitches,
          hangedman_vaults_corner, vaults_mumra_lcd, vaults_room_semicircle,
          v_rooms_3, nicolae_vaults_circle_grid_b, layout_vaults_omnibox,
          uniq_frederick
Vaults:3: vaults_dpeg_encased_lava, minmay_crypt_entry_necro_gods,
          v_alt_pattern_3, v_rooms_1, v_alt_pattern_2, serial_ice_g,
          grunt_vaults_trifunnel, ontoclasm_vaults_eye, v_rooms_4,
          ontoclasm_vaults_gallery, vaults_room_corners,
          layout_vaults_omnicross, serial_shops, nicolae_shop_stone,
          uniq_margery
Vaults:4: vaults_mumra_hexcomb, nicolae_vaults_big_ls,
          vaults_room_hangedman_quadrants, nicolae_vaults_network_s,
          nicolae_vaults_theta, vaults_room_door_ring,
          nicolae_vaults_what_the_h, dpeg_vaults_monster_row,
          hangedman_vaults_maws, layout_vaults_ring
Depths:1: layout_cave_shapes, hell_entry, serial_sigils,
          serial_sigils_hangedman_writhe, serial_sigils_hangedman_snap,
          serial_sigils_hangedman_gnaw, serial_sigils_hangedman_gut,
          serial_sigils_hangedman_snap, marbit_kobold_abyss_entry,
          grunt_absolute_annihilation
Depths:2: box_level_dp, abyss_entry, hell_entry
Depths:3: nooodl_heptagram, layout_cave_pools, enter_ziggurat_b,
          ebering_dispersal_statue_hall, pan_entry, serial_shops, shop,
          grunt_hell_entry_dis_mu, uniq_mennas
Depths:4: minmay_the_grid_triangle_9x9_rhombus_full_mashed
          [minmay_the_grid_triangle_9x9_swiss_cheese,
          minmay_the_grid_triangle_9x9_odd_lines,
          minmay_the_grid_triangle_9x9_wacky_v,
          minmay_the_grid_triangle_9x9_skeleton,
          minmay_the_grid_triangle_9x9_empty,
          minmay_the_grid_triangle_9x9_pentomino_pain,
          minmay_the_grid_triangle_9x9_sprig,
          minmay_the_grid_triangle_9x9_prize_insulated], layout_honeycomb,
          abyss_entry, pf_coc_iceberg, minmay_misc_feat_iff,
          nemelex_diamond_rough_becter
Depths:5: grunt_zot_entry_tricorne, layout_basic,
          chequers_serial_rivers_micro_b, hellmouth_1, serial_bayou_shore_a,
          minmay_shoptagon, uniq_enchantress
Zot:1:    layout_misc_corridors
Zot:2:    nicolae_zot_stationary_front, layout_misc_corridors,
          grunt_ministairs_5
Zot:3:    kennysheep_blocky_room, layout_gridlike
Zot:4:    layout_misc_corridors, zot_minivault_5
Zot:5:    layout_cathedral_of_symmetry, st_stairs_2

Skill      XL: |  1  2  3  4  5  6  7  8  9 10 11 12 13 14 15 16 17 18 19 20 21 22 23 24 25 26 27 |
---------------+----------------------------------------------------------------------------------+-----
Armour         | 4 5 6 8 9 10 11 14 15 16 17 18 19 21 22 | 22.5
Fighting       | 4 6 7 8 9 10 12 14 15 16 17 19 21 23 25 26 27 | 27.0
Axes           | 3 4 |  4.3
Shields        | 4 5 6 8 9 10 12 13 15 16 | 16.9
Long Blades    | 3 5 7 10 11 12 13 16 | 16.7
Dodging        | 5 8 12 14 15 17 20 | 20.4
Evocations     | 1 4 7 8 10 13 15 17 19 | 19.2
Invocations    | 6 8 10 14 15 | 15.5
Throwing       | 5 8 11 13 14 16 19 | 19.2

Action                   |  1- 3 |  4- 6 |  7- 9 | 10-12 | 13-15 | 16-18 | 19-21 | 22-24 | 25-27 || total
-------------------------+-------+-------+-------+-------+-------+-------+-------+-------+-------++-------
Melee: War axe           |    57 |   106 |       |       |       |       |       |       |       ||   163
       Headbutt          |     9 |    25 |    28 |    91 |   304 |   697 |   643 |   789 |   450 ||  3036
       Falchion          |       |    26 |    32 |       |       |       |       |       |       ||    58
       Katana            |       |       |   103 |   263 |   981 |   446 |       |       |       ||  1793
       Scimitar          |       |       |       |    86 |     2 |  1303 |  1860 |  1906 |   137 ||  5294
       Battleaxe         |       |       |       |    19 |       |       |       |       |       ||    19
       Long sword        |       |       |       |       |       |   385 |       |       |       ||   385
       Demon blade       |       |       |       |       |       |       |       |       |  1204 ||  1204
Throw: Javelin           |       |       |       |       |       |       |     2 |       |    10 ||    12
       Throwing net      |       |       |       |       |       |       |       |       |     2 ||     2
Invok: Heroism           |       |       |       |     5 |     7 |    12 |    17 |    18 |    25 ||    84
       Finesse           |       |       |       |     1 |       |       |       |    12 |    21 ||    34
 Abil: Evoke Invisibilit |       |       |       |       |       |       |       |       |    18 ||    18
       Evoke Flight      |       |       |       |       |       |       |       |       |     1 ||     1
Evoke: Wand              |       |       |     1 |    24 |     8 |    25 |       |       |     2 ||    60
  Use: Potion            |       |     2 |     1 |     6 |     3 |       |     3 |    11 |    16 ||    42
       Scroll            |       |       |     8 |     5 |    22 |     5 |    22 |    11 |    15 ||    88
 Stab: Confused          |       |       |       |       |       |     1 |       |       |       ||     1
       Paralysed         |       |       |       |       |       |       |       |     2 |       ||     2
       Distracted        |       |       |       |       |       |       |       |     1 |       ||     1
       Invisible         |       |       |       |       |       |       |       |       |    62 ||    62
  Eat: Chunk             |       |     5 |     9 |    12 |    20 |    33 |    23 |     9 |     8 ||   119
       Ration            |       |       |       |     2 |     3 |     3 |     3 |     5 |     8 ||    24
Armor: Scale mail        |    23 |    56 |    46 |    33 |       |       |       |       |       ||   158
       Crystal plate arm |       |       |       |    98 |   242 |       |       |       |       ||   340
       Ring mail         |       |       |       |     2 |       |       |       |       |       ||     2
       Gold dragon scale |       |       |       |       |    28 |   460 |   468 |   622 |   290 ||  1868
Dodge: Dodged            |    11 |    28 |    31 |    88 |   221 |   822 |   685 |   819 |   691 ||  3396
       Deflected         |       |       |       |       |       |    47 |    57 |    41 |    27 ||   172
Block: Shield            |    36 |    70 |    54 |   154 |   526 |   407 |   783 |  1414 |   818 ||  4262
       Large shield      |       |       |       |       |       |  1679 |   753 |       |       ||  2432
       Rpst.: Falchion   |       |     1 |       |       |       |       |       |       |       ||     1
       Katana            |       |       |     4 |    11 |    43 |    26 |       |       |       ||    84
       Scimitar          |       |       |       |     5 |       |    95 |   140 |   134 |    15 ||   389
       Long sword        |       |       |       |       |       |    27 |       |       |       ||    27
       Demon blade       |       |       |       |       |       |       |       |       |    87 ||    87
